Map: Galactic Process LE

Players

final

  • Race: Zerg Zerg
  • League: Diamond
  • Spawn Location: 1:00

hinO

  • Race: Zerg Zerg
  • League: Master
  • Spawn Location: 7:00

LastOttoman

  • Race: Zerg Zerg
  • League: Diamond

Amix

  • Race: Zerg Zerg
  • League: Platinum

VOD

Have the link to the VOD?

Description

Time

  • Played on: Nov. 16, 2016, 2:13 p.m.
  • Length: 6:16
Show
View Real Time Build Order
Export as new Build Order

final Zerg 

Build Orders: Hatch First 

Get SALT Encoding   

  12  0:02  Drone  
  13  0:14  Overlord  
  13  0:28  Overlord  
  13  0:30  Drone  
  14  0:41  Drone x2  
  17  0:50  Drone  
  17  1:02  Hatchery  
  16  1:09  Drone  
  17  1:19  Spawning Pool  
  17  1:22  Drone  
  17  1:29  Extractor  
  17  1:30  Drone  
  18  1:32  Drone  
  18  2:06  Zergling x6  
  18  2:07  Queen  
  22  2:17  Zergling x2  
  22  2:29  Zergling x4  
  25  2:30  Queen, Zergling x2  
  25  2:36  Metabolic Boost  
  27  2:50  Drone x3  
  30  3:10  Queen  
  30  3:12  Baneling Nest  
  24  3:22  Zergling x6  
  24  3:23  Zergling x2  
  25  3:37  Queen  
  27  3:46  Baneling Nest  
  27  3:47  Zergling x4  
  24  3:56  Zergling x2  
  24  3:58  Zergling x2  
  26  4:15  Spine Crawler  
  22  4:30  Zergling x12  
  23  4:39  Zergling x2  
  23  4:40  Zergling x4  
  18  5:04  Zergling x6  
Show
View Real Time Build Order
Export as new Build Order

hinO Zerg 

Build Orders: Pool Only, Zergling Baneling 

Get SALT Encoding   

  12  0:03  Drone  
  13  0:22  Spawning Pool  
  13  0:26  Drone  
  13  0:30  Drone  
  13  0:34  Extractor  
  13  0:37  Drone  
  14  0:46  Overlord  
  14  1:09  Zergling x4  
  14  1:10  Zergling x2  
  17  1:14  Queen  
  19  1:20  Zergling x2  
  20  1:31  Zergling x2  
  21  1:36  Metabolic Boost  
  21  1:44  Zergling x2  
  22  1:56  Baneling Nest  
  22  1:57  Zergling x2  
  22  2:28  Overlord x2  
  22  2:29  Overlord  
  21  2:42  Baneling x2  
  21  2:47  Zergling x4  
  21  2:48  Zergling x2  
  21  2:51  Baneling x3  
  24  2:59  Zergling x2  
  24  3:00  Zergling x2  
  26  3:05  Zergling x2  
  22  3:21  Zergling x2  
  22  3:22  Zergling x2  
  23  3:30  Zergling x4  
  23  3:51  Zergling x6  
  26  4:00  Baneling x6  
  26  4:05  Zergling x2  
  21  4:32  Zergling x6  
  21  4:36  Zergling x4  
  26  4:45  Baneling x2  
  26  4:51  Zergling x2  
  24  5:12  Zergling x2  
  24  5:13  Baneling x3, Zergling x4  
Show
View Real Time Build Order
Export as new Build Order

LastOttoman Zerg 

Build Orders:  

Get SALT Encoding   

Show
View Real Time Build Order
Export as new Build Order

Amix Zerg 

Build Orders:  

Get SALT Encoding   

Tags
 
Add a new tag
Caveats
  • Supply blocks, unpowered buildings, or Contaminate may cause inaccurate times.
  • Supply counts are checked every 10 seconds.